Cogmind - Beta 16.1 @@@ ROGUE MODE // 2026.02.13 @ 22:56:26 Player: Megaknight51 Result: Destroyed by G-34 Mercenary with Small Laser Performance ------------- Evolutions (0) 0 Regions Visited (1) 200 Robots Destroyed (7) 35 Value Destroyed (115) 115 Prototype IDs (0) 0 Alien Tech Used (0) 0 Bonus (0) 0 TOTAL SCORE: 350 Bonus ------- None Cogmind --------- Core Integrity 0/250 Matter 176/300 Energy 55/100 System Corruption 0% Temperature Critical (826) Movement Core (150) Ox2 Location -10/Materials Parts ------- > --- POWER (1) -------- (None) > --- PROPULSION (2) --- (None) > --- UTILITY (2) ------ Small Storage Unit > --- WEAPON (2) ------- Particle Gun Light Assault Rifle > --- INVENTORY (8) ---- Aluminum Leg Improved Aluminum Leg Improved Aluminum Leg Improved Terrain Scanner Mining Laser Peak State ------------ > --- POWER ------------ Light Ion Engine > --- PROPULSION ------- Improved Aluminum Leg Improved Aluminum Leg > --- UTILITY ---------- Small Storage Unit > --- WEAPON ----------- Particle Gun Particle Gun > --- INVENTORY -------- Aluminum Leg Improved Aluminum Leg Improved Aluminum Leg Improved Terrain Scanner Particle Gun Particle Gun Mining Laser [Rating: 11] Favorites ----------- Power Light Ion Engine Engine Light Ion Engine Propulsion Aluminum Leg Leg Aluminum Leg Utility Small Storage Unit Storage Small Storage Unit Weapon Light Assault Rifle Energy Gun Particle Gun Ballistic Gun Light Assault Rifle Build | -11 -10 ------- Run | Yrd Mat Slots Evolved . | . . Power . | . . Propulsion . | . . Utility . | . . Weapon . | . . Parts Attached 12 | 6 6 Power 1 | 1 . Engine 1 | 1 . Core . | . . Reactor . | . . Propulsion 4 | 2 2 Treads . | . . Leg 4 | 2 2 Wheel . | . . Hover . | . . Flight . | . . Utility 1 | 1 . Device . | . . Storage 1 | 1 . Processor . | . . Hackware . | . . Protection . | . . Artifact . | . . Weapon 6 | 2 4 Energy Gun 4 | . 4 Energy Cannon . | . . Ballistic Gun 2 | 2 . Ballistic Cannon . | . . Launcher . | . . Special Weapon . | . . Impact Weapon . | . . Slashing Weapon . | . . Piercing Weapon . | . . Special Melee Weapon . | . . Unidentified Prototypes . | . . Parts Lost 6 | . 6 Power 1 | . 1 Propulsion 2 | . 2 Utility . | . . Weapon 3 | . 3 Highest Loss Streak 6 | . 6 To Critical Strikes . | . . Average Backups 2 | . 4 Power . | . . Propulsion . | . 1 Utility . | . 1 Weapon . | . 1 Tool/Special . | . . Unused Backups 3 | . 3 Power 1 | . 1 Propulsion 2 | . 2 Utility . | . . Weapon . | . . Tool/Special . | . . Average Slot Usage (%) 80 | . 80 Engine 13 | . 13 Leg 25 | . 25 Storage 14 | . 14 Energy Gun 10 | . 10 Ballistic Gun 16 | . 16 Peak Build Rating 11 | 6 11 Average Rating 6 | 4 7 On Entrance 3 | . 6 Avg Prop Armor Cover (%) . | . . Naked Turns . | . . Heaviest Build 14 | 11 14 Greatest Support 26 | 20 26 Greatest Overweight (x) 3 | . 3 Average Overweight (x) . | . . Largest Inventory Capacity 8 | 8 8 Average Capacity 7 | 7 8 Most Carried 7 | 3 7 Average Carried 2 | . 4 Final Capacity 8 | 8 8 Final Carried 5 | 3 5 Class Distribution -------------------- 100% | Mutant Dominant Class ---------------- Mutant | -10/Materials Resources | -11 -10 ----------- Run | Yrd Mat Matter Collected 298 | 298 . Remotely . | . . Salvage Created 211 | 130 81 Parts 15 | 11 4 Haulers Intercepted . | . . Recyclers Shooed 1 | 1 . Parts Field Recycled . | . . Retrieved Matter . | . . Parts Self-Destructed . | . . Prevented . | . . Parts Restored . | . . Kills | -11 -10 ------- Run | Yrd Mat Combat Hostiles Destroyed 2 | . 2 Guns 1 | . 1 Classes Destroyed 3 | 2 1 Tunneler 4 | 4 . Recycler 1 | 1 . Grunt 2 | . 2 Best Kill Streak 3 | 3 2 Combat Bots Only 2 | . 2 Max Kills in Single Turn 1 | 1 1 Gunslinging . | . . Exploded . | . . Melee . | . . Uniques/NPCs Destroyed . | . . Combat | -11 -10 -------- Run | Yrd Mat Hostile Shots Fired 60 | . 60 Missed 10 | . 10 Hits 50 | . 50 Projectile 50 | . 50 Damage Taken 727 | . 727 Core 259 | . 259 Absorbed by Shields . | . . Core Remaining (%) 100 | 100 . Volleys Fired 44 | 26 18 Largest 2 | 2 2 Hottest 130 | 40 130 Shots Fired 58 | 30 28 Gun 58 | 30 28 Cannon . | . . Launcher . | . . Special . | . . Kinetic 31 | 30 1 Thermal 27 | . 27 Explosive . | . . Electromagnetic . | . . Robot Hit Streak 8 | 6 8 Robot Miss Streak 5 | 3 5 Penetration Max . | . . Secondary Targets . | . . Shots Hit Robots 32 | 18 14 Core Hits 14 | 9 5 Critical Kills . | . . Critical Parts Destroyed . | . . Critical Strikes 1 | . 1 Burn 1 | . 1 Melee Attacks . | . . Impact . | . . Slashing . | . . Piercing . | . . Sneak Attacks . | . . Combat Hostiles . | . . Follow-up Attacks . | . . Damage Inflicted 489 | 163 326 Guns 489 | 163 326 Cannons . | . . Explosions . | . . Melee . | . . Ramming . | . . Kinetic 163 | 163 . Thermal 326 | . 326 Explosive . | . . Electromagnetic . | . . Impact . | . . Slashing . | . . Piercing . | . . Highest Corruption . | . . Average Corruption . | . . Corruption Purged . | . . Corruption Blocked . | . . Overload Shots . | . . Overflow Damage . | . . Projectiles . | . . Explosions . | . . Melee . | . . Knockbacks . | . . Impact . | . . Kinetic . | . . Secondary . | . . Self-Inflicted Damage . | . . Shots . | . . Rammed . | . . Targets Rammed . | . . Kicked . | . . Crushed . | . . Highest Temperature 991 | . 991 Average Temperature 646 | . 646 Received Heat Transfer 363 | . 363 Effects 24 | . 24 Shutdowns 4 | . 4 Energy Bleed 5 | . 5 Interference 1 | . 1 Matter Decay 2 | . 2 Short Circuit 2 | . 2 Damage (minor) 4 | . 4 Damage (major) 4 | . 4 Damage (core) 2 | . 2 Siege Activations . | . . Martial Activations . | . . Shielding Activations . | . . Robots Disrupted . | . . Combat Hostiles . | . . Robots Corrupted . | . . Combat Hostiles . | . . Parts Fried . | . . Impact Corruptions . | . . Robots Melted 1 | . 1 Combat Hostiles 1 | . 1 Parts Melted 1 | . 1 Heat Transferred 851 | . 851 Parts Sabotaged . | . . Parts Stolen . | . . Parts Stripped . | . . Power Chain Reactions . | . . Alert | -11 -10 ------- Run | Yrd Mat Maximum Alert Level . | . . Low Security (%) 100 | 100 100 Level 1 . | . . Level 2 . | . . Level 3 . | . . Level 4 . | . . Level 5 . | . . High Security . | . . Max Security . | . . Peak Influence 40 | 10 40 Initial . | . . Average 2 | 1 5 Influence Increases 75 | 25 50 Destroy 0b10 Robot/C 40 | . 40 Destroy 0b10 Robot/NC 25 | 25 . Destroy Leader 10 | . 10 Influence Decreases 75 | 25 50 Time Decay 45 | 25 20 Lost Part 30 | . 30 Squads Dispatched . | . . Investigation . | . . Extermination . | . . Reinforcement . | . . Assault . | . . Garrison . | . . Intercept . | . . Searches Triggered . | . . Construction Impeded . | . . Haulers Reinforced . | . . Active Scanning Responses . | . . Cargo Convoy Interrupts . | . . Stealth | -11 -10 --------- Run | Yrd Mat Distress Signals . | . . Communications Jammed . | . . Distress Signals . | . . Times Spotted 4 | . 4 Peak Tracking Total 4 | . 4 Tactical Retreats . | . . Traps | -11 -10 ------- Run | Yrd Mat Traps Triggered . | . . Indirectly . | . . Trap Hack Attempts . | . . Triggered . | . . Disarmed . | . . Reprogrammed . | . . Reused . | . . Traps Extracted . | . . Installed . | . . Triggered . | . . Machines | -11 -10 ---------- Run | Yrd Mat Machines Disabled . | . . Max in Single Turn . | . . Machines Repaired . | . . Machines Dismantled . | . . Machines Sabotaged . | . . Overloaded Fab Kills . | . . Hacking | -11 -10 --------- Run | Yrd Mat Machines Accessed . | . . Terminals . | . . Fabricators . | . . Repair Stations . | . . Recycling Units . | . . Scanalyzers . | . . Garrison Access . | . . Total Hacks . | . . Successful . | . . Failed . | . . Catastrophic . | . . Database Lockouts . | . . Manual . | . . Terminals . | . . Fabricators . | . . Repair Stations . | . . Recycling Units . | . . Scanalyzers . | . . Garrison Access . | . . Terminal Hacks . | . . Fabricator Hacks . | . . Repair Station Hacks . | . . Recycling Unit Hacks . | . . Scanalyzer . | . . Garrison Access Hacks . | . . Unauthorized Hacks . | . . Terminals . | . . Fabricators . | . . Repair Stations . | . . Recycling Units . | . . Scanalyzers . | . . Garrison Access . | . . Data Cores Recovered . | . . Used . | . . Hacking Detections . | . . Full Trace Events . | . . Feedback Events . | . . Feedback Blocked . | . . Robot Schematics Acquired . | . . Robots Built . | . . Authchips . | . . Time . | . . Total Robot Build Rating . | . . Part Schematics Acquired . | . . Parts Built . | . . Authchips . | . . Time . | . . Total Part Build Rating . | . . Part Studies Acquired . | . . Parts Repaired . | . . Time . | . . Parts Recycled . | . . Recycled Matter . | . . Retrieved Matter . | . . Retrieved Components . | . . Parts Scanalyzed . | . . Part Schematics Acquired . | . . Parts Damaged . | . . Bothacking | -11 -10 ------------ Run | Yrd Mat Used RIF Installer . | . . Robots Hacked . | . . Non-combat . | . . Combat . | . . Robot Hacks Applied . | . . Relay Couplers Released . | . . Fabnet Peak Effective % . | . . Robots Rewired . | . . Allies Hacked . | . . Hacks Repelled . | . . Allies | -11 -10 -------- Run | Yrd Mat Total Allies . | . . Largest Group . | . . Highest-Rated Group . | . . Highest-Rated Ally . | . . Total Orders . | . . Ally Attacks . | . . Total Damage . | . . Kills . | . . Allies Corrupted . | . . Allies Melted . | . . Intel | -11 -10 ------- Run | Yrd Mat Active Infowar (turns) . | . . Robot Analysis Total . | . . Derelict Logs Recovered . | . . Drone Launches . | . . Drone Recoveries . | . . Exploration | -11 -10 ------------- Run | Yrd Mat Turns Passed 396 | 242 154 Spaces Moved 232 | 155 77 Core 13 | 9 4 Treads . | . . Legs 219 | 146 73 Wheels . | . . Hover . | . . Flight . | . . Fastest Speed 50 | 50 120 Average Speed 118 | 115 123 Slowest Speed 200 | 120 200 Overloaded Moves . | . . Propulsion Burnouts . | . . Robots Hopped . | . . Potential Cave-ins . | . . Cave-ins Triggered . | . . Exploration Rate (%) 11 | 5 17 Regions Visited 1 Branch Regions . Pre-discovered Areas . | . . Known Exits Taken . | . . Unknown Exits Taken 1 | 1 . Scrap Searched . | . . Spaces Dug . | . . Terrain Destroyed . | . . Melee . | . . Projectile . | . . AOE . | . . Terrain Rammed . | . . Walls Destroyed . | . . Machines Disabled . | . . Actions | -11 -10 --------- Run | Yrd Mat Total 297 | 189 108 Wait . | . . Move 231 | 154 77 Hop . | . . Pick Up 7 | 3 4 Fast Attach 7 | 6 1 Attach 2 | . 2 Detach . | . . Swap 4 | . 4 Drop 2 | . 2 Fire 44 | 26 18 Melee . | . . Ram . | . . Kick . | . . Crush . | . . Escape Stasis . | . . Rewire . | . . Trap . | . . Miscellaneous . | . . Route ------- -11/Scrapyard -10/Materials History --------- Turn | Location | Event 15 | -11/Scrapyard | Discovered new exit (range 15) 243 | -11/Scrapyard | Entered Materials 301 | -10/Materials | Build established: Mutant 381 | -10/Materials | Core integrity fell below 50% 389 | -10/Materials | Core integrity fell below 20% 397 | -10/Materials | Destroyed by G-34 Mercenary with Small Laser Last Messages --------------- 00380_ Power failure, Lgt. Ion Engine shutdown. 00380_ K-01 Serf collects debris. 00381_ Particle Gun broken. 00381_ Overheating: Short circuit. 00381_ Particle Gun destroyed. 00383_ Overheating: Energy bleed (-7). 00384_ Imp. Aluminum Leg destroyed. 00384_ K-01 Serf collects debris. 00385_ Overheating: Sml. Storage Unit damaged (-12). 00386_ Lgt. Ion Engine destroyed. 00388_ Overheating: System interference. 00388_ Particle Gun temporarily disabled. 00388_ K-01 Serf collects debris. 00389_ Overheating: Core damaged (-47). 00391_ Overheating: Particle Gun damaged (-15). 00393_ Overheating: Matter decay (-39). 00394_ Particle Gun destroyed. 00396_ Overheating: Energy bleed (-8). 00396_ Acquired Lgt. Assault Rifle. 00397_ Overheating: Lgt. Assault Rifle damaged (-55). Map ----- +----------------------------------------------------+ | ????????????????# #???????????????????????? | | ????????????????# #???????????????????????? | | ????????????????#""" #???????????????????????? | | ????????????????#""" %#???????????????????????? | | ????????????????#""" #???????????????????????? | | ????????????????#""" #??????#####????????????? | | ????????????????#""" ######## #????????????? | | ????????????????+ # # #????????????? | | ????????????????# # """ # #????????????? | | ????????????? ??#####+#### """ + #????????????? | | ????????????# ????# + """ # #????????????? | | ????????????# #### ### # #????????????? | | ????????????# #?# = # #????????????? | | ????????????# ########## #????????????? | | ?????????#### "" # # #????????????? | | ???????? "" # # #????????????? | | ??????? T" # + +????????????? | | ???????? "" # # #????????????? | | ????????##+## "" # # #????????????? | | ????????????# # # #????????????? | | ????????????# # # #????????????? | | ????????????# + # #????????????? | | ????????????# # # #????????????? | | ????????????# ########## ?????????????? | | ????????????# """ [[!#####?????????????????????? | | ?????????? """ [[! @[#?????????????????????? | | ????????? """ [r g #?????????????????????? | | ????????? k*!!#?????????????????????? | | ???????????## u g%!!#?????????????????????? | | ????????????######## [= #?????????????????????? | | ????????????????#! % #?????????????????????? | | ???????????????#! #####?????????????????????? | | ???????????????#! ?????????????????????????? | | ???????????????#! #?????????????????????????? | | ???????????????#! ??????????????????????????? | | ???????????????##! ??????????????????????????? | | ????????????????#### ??????????????????????????? | | ???????????????????# ??????????????????????????? | | ???????????????????# ??????????????????????????? | | ???????????????????# ??????????????????????????? | | ???????????????????+ ??????????????????????????? | | ????????????????????? ???????????????????????????? | | ?????????????????????????????????????????????????? | | ?????????????????????????????????????????????????? | | ?????????????????????????????????????????????????? | | ?????????????????????????????????????????????????? | | ?????????????????????????????????????????????????? | | ?????????????????????????????????????????????????? | | ?????????????????????????????????????????????????? | | ?????????????????????????????????????????????????? | +----------------------------------------------------+ Best States ------------- Heat Dissipation 25 Energy Generation 10 Energy Capacity 125 Matter Stores 300 Matter Capacity 300 Sight Range 16 Terrain Scan Density 10 Evasion (%) 55 Item Schematics ----------------- None Robot Schematics ------------------ None Fabricated ------------ Nothing Repaired ---------- Nothing Studied --------- None Alien Tech Used ----------------- None Achievements -------------- None Challenges ------------ None Game ------ Seed MissileSalvageCanceller Manual? 0 Play Time 00:02:41 Cumulative 68.0 hours Start 2026.02.13 @ 22:54:43 End 2026.02.13 @ 22:56:26 Sessions 1 Manual Loads 0 Difficulty Rogue Special Mode None Game No. 146 Rogue 146 Adventurer 0 Explorer 0 Win Type - Total 0 Types 0/0/0/0/0/0/0/0/0/0 Lore% 47 Gallery% 35 Achievement% 33 Wizard Run 0 Options --------- Layout 0 ASCII 0 Keyboard 1 Movement Arrows Keybinds 0 Fullscreen 1 Font 18/Smallcaps Map View 38x25 Zoom Use 100% Tactical HUD 1 Map Filters NONE Filters NONE Steam 1 RUN: 7449c644-d37c-4e09-80c8-6b976a96362a